 Dungeon Crawl Stone Soup version 0.29.1-1-gd02db69 (webtiles) character file.

Game seed: 6786165287397845650

6 Vaargak the Firebug (level 1, 14/14 HPs)
             Began as a Draconian Fire Elementalist on Oct 1, 2022.
             Quit the game on level 1 of the Dungeon on Oct 5, 2022.
             The game lasted 00:02:01 (512 turns).

Vaargak the Firebug (Draconian Fire Elementalist)    Turns: 512, Time: 00:02:01

Health: 14/14      AC:  4    Str: 10    XL:     1   Next: 75%
Magic:  3/3        EV: 12    Int: 15    God:
Gold:   16         SH:  0    Dex: 11    Spells: 3/4 levels left

rFire   . . .      SeeInvis .   (no weapon)
rCold   . . .      Faith    .   (no shield)
rNeg    . . .      Spirit   .   (body armour unavailable)
rPois   .          Reflect  .   (helmet restricted)
rElec   .          Harm     .   (no cloak)
rCorr   .          Rampage  .   (no gloves)
Will    .....                   (no boots)
Stlth   ++........              (no amulet)
HPRegen 0.04/turn               (no ring)
MPRegen 0.08/turn               (no ring)

@: no status effects
A: AC +4, unfitting armour, cold-blooded
a: no special abilities


You were on level 1 of the Dungeon.
You visited 1 branch of the dungeon, and saw 1 of its levels.

You collected 16 gold pieces.

Inventory:

Jewellery
 c - an amulet of faith
Scrolls
 b - a scroll of immolation {unknown}
 d - a scroll of noise {unknown}
Potions
 a - a potion of magic
 e - a potion of haste {unknown}


   Skills:
 + Level 1.7 Dodging
 + Level 1.7 Stealth
 + Level 2.0 Spellcasting
 + Level 1.0 Conjurations
 + Level 3.4 Fire Magic


You had 3 spell levels left.
You knew the following spells:

 Your Spells              Type           Power      Damage    Failure   Level
a - Foxfire               Conj/Fire      32%        2x1d5     9%          1

Your spell library contained the following spells:

 Spells                   Type           Power      Damage    Failure   Level
 Scorch                   Fire           22%        2d6       9%          2
 Conjure Flame            Conj/Fire      8%         6-21      26%         3
 Inner Flame              Hex/Fire       6%         N/A       32%         3
 Flame Wave               Conj/Fire      8%         2d5       65%         4


Dungeon Overview and Level Annotations

Branches:
Dungeon (1/15)

Altars:


Innate Abilities, Weirdness & Mutations

Your plain brown scales are hard. (AC +4)
You cannot fit into any form of body armour.
You are cold-blooded and may be slowed by cold attacks.


Message History

Confirm with . or Enter, or press ? or * to list all spells.
You conjure some foxfire!
The rat barely misses you.
The foxfire hits the rat.
You kill the rat!
You start resting.
Your foxfire dissipates!
You start resting.
Your foxfire dissipates!
You start resting.
Magic restored.
You start waiting.
Done waiting.
You open the door.
There is an open door here.
There is a stone staircase leading down here.
There is a stone staircase leading down here.
There is a stone staircase leading down here.
You open the door.
There is an open door here.
A bat comes into view.
Casting: Foxfire (safe; 9% risk of failure)
Confirm with . or Enter, or press ? or * to list all spells.
You conjure some foxfire!
Unknown command.
The foxfire hits the bat.
The bat is moderately wounded.
Casting: Foxfire (safe; 9% risk of failure)
Confirm with . or Enter, or press ? or * to list all spells.
You conjure some foxfire!
The foxfire hits the bat.
You kill the bat!
Your foxfire dissipates!
You start resting.
Your foxfire dissipates!
You start resting.
Magic restored.
Saving game... please wait.
Welcome back, Vaargak the Draconian Fire Elementalist.
Press ? for a list of commands and other information.
Unknown command.
Are you sure you want to abandon this character and quit the game? (Confirm with "yes".)

..#..)#...####.#.###............#
..##'###+##....#.# #...........(#
..##........####.# #............#
..##.####..## #.# #............#
..##.###...#####.# #.........)..#
..##.#...........###............#
..##.#.#.#.####.................#
####.#...#......................#
####.#..#######.@...............#
..##.#.###.......###########....#
..##.#.# ###.....# ######
..##...# #....†. ..##...# #......
.###...# #....(.. .......#
..?^.... .......# ##........
..[.(#.#


There were no monsters in sight!

Vanquished Creatures
  2 bats (D:1)
  A giant cockroach (D:1)
  A goblin (D:1)
  A kobold (D:1)
  A rat (D:1)
6 creatures vanquished.

Vanquished Creatures (others)
  19 foxfires (D:1)
19 creatures vanquished.

Grand Total: 25 creatures vanquished

Notes
Turn   | Place    | Note
-------+----------+-------------------------------------------
     0 | D:1      | Vaargak the Draconian Fire Elementalist began the quest for
                  | the Orb.
     0 | D:1      | Reached XP level 1. HP: 14/14 MP: 3/3
   512 | D:1      | Quit the game

Illustrated notes

Levels and vault maps discovered:
D:1:      minmay_arrival_up_and_down, layout_basic, serial_corexii_hall,
          corexii_hall_statues_deadend, chequers_hall_statues_wall_a,
          chequers_hall_statues_corner_a

Action                   || total
-------------------------++-------
Melee: Unarmed           ||     3
       Tailslap          ||     1
 Cast: Foxfire           ||    11
Armor: Skin              ||     1
Dodge: Dodged            ||     3
